 Dungeon Crawl Stone Soup version 0.24-a0-584-g9d6b971ae4 (webtiles) character file.

Game seed: 14148385970182507914, levelgen mode: deterministic

322 Froggeryz the Cleaver (level 6, -2/51 HPs)
             Began as a Minotaur Abyssal Knight on Sept 6, 2019.
             Was a Believer of Lugonu.
             Slain by a worker ant (7 damage)
             ... on level 4 of the Dungeon.
             The game lasted 00:04:56 (3228 turns).

Froggeryz the Cleaver (Minotaur Abyssal Knight)     Turns: 3228, Time: 00:04:57

Health: -2/51      AC:  3    Str: 14 (17) XL:     6   Next: 22%
Magic:  15/15      EV: 16    Int:  8 (9)  God:    Lugonu [**....]
Gold:   222        SH:  3    Dex: 14 (16) Spells: 5/5 levels left

rFire    + . .     SeeInvis +   a - +1 hand axe
rCold    + . .     Gourm    .   (no shield)
rNeg     . . .     Faith    .   b - +0 leather armour
rPois    +         Spirit   .   (helmet restricted)
rElec    +         Reflect  +   (no cloak)
rCorr    +         Harm     .   (no gloves)
MR       .....                  (no boots)
Stlth    ++........             w - +3 amulet of reflection
HPRegen  0.17/turn              d - ring of magical power
MPRegen  0.14/turn              x - ring of see invisible

@: agile, resistant, flying
A: retaliatory headbutt, horns 2
a: Depart the Abyss, Bend Space, Renounce Religion


You were on level 4 of the Dungeon.
You worshipped Lugonu.
Lugonu was pleased with you.
You were very hungry.

You visited 1 branch of the dungeon, and saw 4 of its levels.
You visited the Abyss 1 time.

You collected 222 gold pieces.

Inventory:

Hand Weapons
 a - a +1 hand axe (weapon)
 n - a +0 dagger of venom
 s - a +0 hunting sling
Missiles
 r - 10 sling bullets
 u - 5 boomerangs (quivered)
Armour
 b - a +0 leather armour (worn)
Jewellery
 d - a ring of magical power (left hand)
 w - a +3 amulet of reflection (around neck)
 x - a ring of see invisible (right hand)
Wands
 e - a wand of iceblast (5)
Scrolls
 f - 2 scrolls of remove curse {unknown}
 g - 2 scrolls of immolation {unknown}
 k - a scroll of identify {unknown}
 l - a scroll of noise {unknown}
 o - 2 scrolls of fog {unknown}
 q - a scroll of magic mapping {unknown}
 t - 3 scrolls of teleportation {unknown}
Potions
 h - a potion of flight
 i - a potion of degeneration
 j - 2 potions of agility
 p - a potion of heal wounds {unknown}
 v - a potion of lignification {unknown}
Comestibles
 c - 4 rations


   Skills:
 - Level 3.6 Fighting
 * Level 8.0 Axes
 - Level 2.4 Armour
 - Level 1.1 Dodging
 - Level 1.7 Invocations


You had 5 spell levels left.
You didn't know any spells.
Your spell library was empty.

Dungeon Overview and Level Annotations

Branches:
Dungeon (4/15)
 Temple: D:4-7

Altars:


Innate Abilities, Weirdness & Mutations

You reflexively headbutt those who attack you in melee.
You have a pair of horns on your head.


Message History

You feel agile all of a sudden. The worker ant closely misses you.
The orc priest closely misses you. You furiously retaliate!
You headbutt the orc priest.
You kill the orc priest!
Lugonu accepts your kill.
You can now bend space around yourself.
Your Axes skill increases to level 8!
You block the worker ant's attack.
It was a potion of flight.
You feel very buoyant.
You fly up into the air.
You block the worker ant's attack.
It was a potion of degeneration.
There was something very wrong with that liquid.
You feel weakened.
You feel dopey.
You feel clumsy. The worker ant barely misses you. You furiously retaliate!
You headbutt the worker ant, but do no damage.
Okay, then.
It was a potion of resistance.
You feel protected. The worker ant bites you!
You die...

## .# .# ≈ .######### ≈≈
#.#......### ##♣≈≈≈
#.#........## #...P≈≈
#...........#####.....≈≈
#.....(.......).(.....P≈
.#..........####@.....♣
...........## #[a....♣
...........# ........≈
############ #....!...♣
# .......... #
#.......... #
##......... #.........


You could see a worker ant.

Vanquished Creatures
  Grinder (D:3)
  2 orc priests (D:4)
  3 adders
  2 worms (D:2)
  A leopard gecko (D:3)
  3 orcs (D:4)
  3 bats
  A giant cockroach (D:2)
  4 goblins
  10 hobgoblins
  A ball python (D:2)
  4 frilled lizards
  7 kobolds
  8 rats
50 creatures vanquished.

Notes
Turn   | Place    | Note
-------+----------+-------------------------------------------
     0 | Abyss:1  | Froggeryz the Minotaur Abyssal Knight began the quest for
                  | the Orb.
     0 | Abyss:1  | Reached XP level 1. HP: 19/19 MP: 1/1
   112 | Abyss:2  | Noticed a smoke demon
   137 | D:1      | Escaped the Abyss
   460 | D:1      | Reached * piety under Lugonu
   460 | D:1      | Reached skill level 3 in Axes
   733 | D:1      | Reached XP level 2. HP: 26/26 MP: 2/2
  1400 | D:2      | Found a faded altar of an unknown god.
  1469 | D:2      | Reached skill level 4 in Axes
  1595 | D:2      | Reached XP level 3. HP: 22/31 MP: 3/3
  2099 | D:2      | Reached skill level 5 in Axes
  2217 | D:3      | Noticed Grinder
  2218 | D:3      | Paralysed by Grinder for 2 turns
  2451 | D:3      | Killed Grinder
  2451 | D:3      | Reached skill level 7 in Axes
  2451 | D:3      | Reached XP level 4. HP: 25/39 MP: 4/4
  2451 | D:3      | Reached XP level 5. HP: 29/45 MP: 5/5
  3220 | D:4      | Reached XP level 6. HP: 44/51 MP: 6/6
  3225 | D:4      | Reached ** piety under Lugonu
  3225 | D:4      | Reached skill level 8 in Axes
  3228 | D:4      | Slain by a worker ant

Levels and vault maps discovered:
D:1:      dpeg_arrival_simpleton_b, layout_loops_ring
D:2:      layout_loops_corners, chequers_ecumenical_altar_simple_redux
D:3:      layout_basic, uniq_grinder
D:4:      layout_cave_pods, kiku_gazebo_garden_becter, first_ration,
          serial_bayou_ford_a

Skill      XL: |  1  2  3  4  5  6 |
---------------+-------------------+-----
Axes           | 3 4 7 8 |  8.0
Fighting       | |  3.6
Armour         | |  2.4
Dodging        | |  1.1
Invocations    | |  1.7

Action                   |  1- 3 |  4- 6 || total
-------------------------+-------+-------++-------
Melee: Hand axe          |    92 |    36 ||   128
       Headbutt          |     9 |     5 ||    14
Invok: Depart the Abyss  |     1 |       ||     1
Evoke: Wand              |     6 |     2 ||     8
  Use: Potion            |       |     4 ||     4
  Eat: Chunk             |     4 |     2 ||     6
Armor: Leather armour    |    20 |     6 ||    26
Dodge: Dodged            |    45 |    20 ||    65
Block: Other             |       |     2 ||     2

Table legend:
 A = Non-vault XP
 B = Vault XP
 C = Vault XP percentage of total XP
 D = Non-vault monster count
 E = Vault monster count
 F = Vault count percentage of total count
                 A         B        C        D         E       F
            +---------+---------+-------+---------+---------+-------
      Total |     198 |     262 |  57.0 |      49 |       1 |   2.0
            +---------+---------+-------+---------+---------+-------
        D:1 |      18 |       0 |   0.0 |      12 |       0 |   0.0
        D:2 |      65 |       0 |   0.0 |      23 |       0 |   0.0
        D:3 |      26 |     262 |  91.0 |       9 |       1 |  10.0
        D:4 |      89 |       0 |   0.0 |       5 |       0 |   0.0
            +---------+---------+-------+---------+---------+-------
